 Dungeon Crawl Stone Soup version 0.24-a0-769-g368c164 (webtiles) character file.

Game seed: 1870804202374414309, levelgen mode: deterministic

726 2tousent the Insei (level 7, 0/52 HPs)
             Began as a Grey Draconian Transmuter on Oct 5, 2019.
             Was an Initiate of Wu Jian.
             Killed by divine providence
             ... invoked by an orc priest
              (8 damage)
             ... on level 5 of the Dungeon.
             The game lasted 00:17:46 (4554 turns).

2tousent the Insei (Grey Draconian Transmuter)      Turns: 4554, Time: 00:17:46

Health: 0/52       AC: 11    Str: 13    XL:     7   Next: 44%
Magic:  5/12       EV: 12    Int: 13    God:    Wu Jian [......]
Gold:   282        SH:  0    Dex: 13    Spells: 0/13 levels left

rFire    . . .     SeeInvis .     - Unarmed
rCold    . . .     Gourm    .   (no shield)
rNeg     . . .     Faith    .   (armour unavailable)
rPois    .         Spirit   .   (helmet restricted)
rElec    .         Reflect  .   (no cloak)
rCorr    .         Harm     .   (no gloves)
MR       .....                  (no boots)
Stlth    +.........             (no amulet)
HPRegen  0.17/turn              (no ring)
MPRegen  0.13/turn              (no ring)

@: about to teleport, very slightly contaminated
A: walk through water, unfitting armour, unbreathing, cold-blooded, AC +11
a: Renounce Religion


You were on level 5 of the Dungeon.
You worshipped Wu Jian.
Wu Jian was noncommittal.
You were hungry.

You visited 2 branches of the dungeon, and saw 6 of its levels.

You collected 282 gold pieces.

Inventory:

Missiles
 a - 65 arrows
Jewellery
 k - a +3 ring of strength {unknown}
 r - an uncursed ring of see invisible {unknown}
 v - a +4 ring of strength {unknown}
Wands
 p - a wand of digging (10)
 u - a wand of acid (5)
 y - a wand of enslavement (1)
Scrolls
 b - a scroll of enchant weapon {unknown}
 e - 5 scrolls of identify
 f - 2 scrolls of teleportation
 i - a scroll of blinking {unknown}
 m - a scroll of magic mapping
 o - a scroll of fog {unknown}
 q - 4 scrolls of remove curse
 x - a scroll of amnesia {unknown}
Potions
 d - a potion of resistance {unknown}
 g - 2 potions of degeneration
 j - a potion of mutation {unknown}
 l - 2 potions of agility {unknown}
 n - a potion of lignification {unknown}
 s - a potion of haste {unknown}
 t - 2 potions of brilliance {unknown}
 w - a potion of might {unknown}
Comestibles
 c - 5 rations
 z - 2 chunks of flesh


   Skills:
 - Level 1.1 Fighting
 - Level 1.7 Dodging
 * Level 5.5 Unarmed Combat
 + Level 3.5 Spellcasting
 * Level 4.9 Transmutations
 + Level 2.3 Ice Magic
 + Level 2.3 Poison Magic


You couldn't memorise any spells.
You knew the following spells:

 Your Spells              Type           Power        Failure   Level  Hunger
a - Beastly Appendage     Tmut           ###...       3%          1    #......
b - Spider Form           Tmut/Pois      ##........   14%         3    ###....
c - Ice Form              Ice/Tmut       ##......     43%         4    #####..
d - Blade Hands           Tmut           ###.......   63%         5    ######.

Your spell library contained the following spells:

 Spells                   Type           Power        Failure   Level  Hunger
 Sticks to Snakes         Tmut           ###.....     4%          2    ##.....
 Confusing Touch          Hex            #.....       22%         1    #......
 Confuse                  Hex            #.......     54%         3    ###....
 Gell's Gravitas          Tloc           #.........   54%         3    ###....
 Petrify                  Tmut/Erth      #.......     61%         4    #####..
 Yara's Violent Unravell  Hex/Tmut       #.........   91%         5    ######.
 Metabolic Englaciation   Hex/Ice        #.........   98%         5    ######.


Dungeon Overview and Level Annotations

Branches:
Dungeon (5/15)             Temple (1/1) D:5

Altars:
Cheibriados
Hepliaklqana
Okawaru
Sif Muna
Wu Jian
Xom
Yredelemnul
Zin


Innate Abilities, Weirdness & Mutations

You can walk through water.
Your dull iron-grey scales are very hard. (AC +11)
You cannot fit into any form of body armour.
You can survive without breathing.
You are cold-blooded and may be slowed by cold attacks.


Message History

* * * LOW HITPOINT WARNING * * *
The orc hits you but does no damage.
The orc priest hits you but does no damage.
Your hands revert to their normal proportions.
You hear some strange, mumbled words.
A puff of flame appears from out of thin air!
The puff of flame hits you but does no damage.
The orc priest calls upon Beogh to heal the orc warrior.
The orc warrior is healed somewhat.
As you read the scroll of teleportation, it crumbles to dust.
You feel strangely unstable.
Casting: Blade Hands (very dangerous; 63% risk of failure)
Confirm with . or Enter, or press ? or * to list all spells.
You miscast Spider Form.
Nothing appears to happen.
Something hits you but does no damage.
The orc warrior hits you but does no damage.
The orc hits you but does no damage.
The orc priest invokes the aid of Beogh against you.
Beogh smites you!
You die...

#####.# #
................. ..
#...................... #.
#.........>............
#......................
#..............).......
#..$...................
###..##...##....รท........
.....##...##.............
#.......@................
..#...ooo...#.####.###..
....................# #..
.....##...##..####### #..
####.##...##.$# #..
#..........# ###
#.#.######## #.$. ####


You could see an orc warrior, an orc priest and an orc.

Vanquished Creatures
  A phantom (D:4)
  A howler monkey (D:4)
  A crimson imp (D:5)
  A bullfrog skeleton (D:2)
  2 hounds
  An orc priest (D:5)
  Ijyb (D:4)
  4 worker ants
  4 orc wizards
  A gnoll (D:2)
  12 adders
  2 oozes
  An adder skeleton (D:2)
  5 worms
  A dart slug (D:3)
  3 leopard geckos
  11 orcs
  11 bats
  2 giant cockroaches
  4 goblins
  6 hobgoblins
  2 jackals (D:2)
  2 quokkas
  3 frilled lizards
  7 kobolds
  5 rats
94 creatures vanquished.

Notes
Turn   | Place    | Note
-------+----------+-------------------------------------------
     0 | D:1      | 2tousent the Draconian Transmuter began the quest for the
                  | Orb.
     0 | D:1      | Reached XP level 1. HP: 16/16 MP: 3/3
   239 | D:1      | Reached XP level 2. HP: 21/23 MP: 5/5
   614 | D:2      | Reached XP level 3. HP: 24/28 MP: 4/6
   636 | D:2      | Learned a level 3 spell: Spider Form
   876 | D:2      | Reached XP level 4. HP: 28/35 MP: 4/7
   879 | D:2      | Reached skill level 4 in Unarmed Combat
   885 | D:2      | Learned a level 4 spell: Ice Form
  1466 | D:2      | You fall into a shaft and drop 1 floor!
  2043 | D:3      | Reached XP level 5. HP: 35/40 MP: 6/9
  2696 | D:4      | Noticed a phantom
  2703 | D:4      | Reached skill level 1 in Ice Magic
  2703 | D:4      | Reached skill level 1 in Poison Magic
  3028 | D:4      | Killed a phantom
  3028 | D:4      | Reached XP level 6. HP: 27/47 MP: 8/10
  3131 | D:4      | HP: 2/47 [something/magic dart (7)]
  3502 | D:4      | Reached skill level 5 in Unarmed Combat
  3762 | D:4      | Noticed Ijyb
  3775 | D:4      | Killed Ijyb
  3890 | D:4      | Your scales start taking on a dull iron-grey colour.
  3890 | D:4      | Reached XP level 7. HP: 52/52 MP: 8/12
  3890 | D:4      | Gained mutation: You can survive without breathing. [Grey
                  | Draconian growth]
  3950 | D:5      | Entered Level 5 of the Dungeon
  4347 | D:5      | Found a snail-covered altar of Cheibriados.
  4374 | D:5      | Found a staircase to the Ecumenical Temple.
  4389 | Temple   | Entered the Ecumenical Temple
  4398 | Temple   | Became a worshipper of the Wu Jian Council
  4502 | Temple   | Learned a level 5 spell: Blade Hands
  4554 | D:5      | Killed from afar by an orc priest

Levels and vault maps discovered:
D:1:      matt_arrival_spirals, layout_rooms, hangedman_glass_teeth
D:2:      minmay_angry_zag, layout_basic, serial_undead, serial_undead_c,
          serial_undead_e, serial_undead_c, serial_undead_b
D:3:      layout_basic, minmay_puff
D:4:      layout_rooms, first_ration, chequers_serial_rivers_micro_c, uniq_ijyb
D:5:      layout_basic, tso_oasis_becter, minmay_temple_entry_stoned_glass,
          cheibriados_altar_1
Temple:   nicolae_temple_the_god_donut

Skill      XL: |  1  2  3  4  5  6 |
---------------+-------------------+-----
Transmutations | 3 4 |  4.9
Unarmed Combat | 4 5 |  5.5
Ice Magic      | 1 2 |  2.3
Poison Magic   | 1 2 |  2.3
Spellcasting   | 3 |  3.5
Fighting       | |  1.1
Dodging        | |  1.7

Action                   |  1- 3 |  4- 6 |  7- 9 || total
-------------------------+-------+-------+-------++-------
Melee: Unarmed           |    94 |   233 |    58 ||   385
       Tailslap          |     6 |    11 |     1 ||    18
       Kick              |    11 |    14 |       ||    25
       Headbutt          |     3 |     6 |       ||     9
       Punch             |     1 |     3 |       ||     4
 Cast: Beastly Appendage |    14 |    12 |       ||    26
       Spider Form       |     1 |    20 |     7 ||    28
       Blade Hands       |       |       |     1 ||     1
Invok: Lunge             |       |       |     1 ||     1
  Use: Scroll            |     4 |       |     1 ||     5
       Potion            |       |     1 |     2 ||     3
 Stab: Sleeping          |     1 |     1 |       ||     2
  Eat: Chunk             |       |    10 |     3 ||    13
       Ration            |       |     1 |       ||     1
Armor: Skin              |    43 |    43 |    16 ||   102
Dodge: Dodged            |    62 |   165 |    26 ||   253

Table legend:
 A = Non-vault XP
 B = Vault XP
 C = Vault XP percentage of total XP
 D = Non-vault monster count
 E = Vault monster count
 F = Vault count percentage of total count
                 A         B        C        D         E       F
            +---------+---------+-------+---------+---------+-------
      Total |     957 |      81 |   7.8 |      81 |      13 |  13.8
            +---------+---------+-------+---------+---------+-------
        D:1 |      22 |       0 |   0.0 |      17 |       0 |   0.0
        D:2 |     117 |      32 |  21.5 |      15 |       6 |  28.6
        D:3 |      96 |      13 |  11.9 |      14 |       6 |  30.0
        D:4 |     470 |      36 |   7.1 |      26 |       1 |   3.7
        D:5 |     252 |       0 |   0.0 |       9 |       0 |   0.0
            +---------+---------+-------+---------+---------+-------
